 Dungeon Crawl Stone Soup version 0.31-a0-1010-g5322dac6a2 (webtiles) character file.

Game seed: 1544293234065907133

149 kae the Insei (level 4, -3/36 HPs)
             Began as a Demigod Shapeshifter on Nov 16, 2023.
             Slain by a gnoll
             ... wielding a +0 flail
              (12 damage)
             ... on level 4 of the Dungeon.
             The game lasted 00:01:44 (2710 turns).

kae the Insei (Demigod Shapeshifter)                Turns: 2710, Time: 00:01:45

Health: -3/36      AC:  2    Str: 14 (15) XL:     4   Next: 82%
Magic:  6/6        EV: 17    Int: 11 (12) God:
Gold:   216        SH:  0    Dex: 15 (17) Spells: 3/3 levels left

rFire   . .          .
                       - Unarmed
rCold   . . .        (no shield)
rNeg    . . .        a - +0 animal skin
rPois   .            (helmet currently unavailable)
rElec   .            (cloak currently unavailable)
rCorr   .            (gloves currently unavailable)
SInv    .            (boots currently unavailable)
Will    .....        (no amulet)
Stlth   ++           L - ring of flight
HPRegen 0.26/turn    E - +5 ring of evasion
MPRegen 0.10/turn

%: no passive effects
@: about to teleport, beast-form, attractive, flying
A: beast (slay +1), high MP 1, forlorn, divine attributes, horns 1, camouflage
1, devolution 1
a: Begin Untransformation


You were on level 4 of the Dungeon.
You were a hulking beast.
You visited 1 branch of the dungeon, and saw 4 of its levels.

You collected 216 gold pieces.


Innate Abilities, Weirdness & Mutations

You are a hulking beast.
Your limbs bulge with bestial killing power. (Slay +1)
You have an increased reservoir of magic. (+10% MP)
You shall have no god before yourself.
Your divine heritage dramatically boosts your attributes as you level up.
You have a pair of small horns on your head.
Your skin changes colour to match your surroundings (Stealth+).
You have hidden genetic defects.


   Skills:
 + Level 2.1 Fighting
 + Level 2.6 Dodging
 * Level 3.9 Unarmed Combat
 + Level 3.2 Shapeshifting


You had 3 spell levels left.
You didn't know any spells.
Your spell library contained the following spells:

 Spells                   Type           Power      Damage    Failure   Level
 Lesser Beckoning         Tloc           0%         N/A       47%         2
 Gell's Gravitas          Tloc           0%         N/A       71%         3
 Teleport Other           Tloc           0%         N/A       71%         3

Inventory:

Missiles
 e - 5 atropa-tipped darts
 g - 5 poisoned darts
 h - 45 stones
Armour
 a - a +0 animal skin (worn)
 r - a +0 pair of gloves
   (You found it on level 3 of the Dungeon)
Jewellery
 E - a +5 ring of evasion (right hand)
   (You found it on level 1 of the Dungeon)
 L - a ring of flight (left hand)
   (You found it on level 1 of the Dungeon)
Talismans
 c - a beast talisman
 d - a flux talisman
Potions
 b - 2 potions of lignification {!q}
 j - a potion of brilliance {unknown}
 m - 2 potions of ambrosia

Dungeon Overview and Level Annotations

Branches:
Dungeon (4/15) Zot: 21277
 Temple: D:4-7

Annotations:
D:3 2 runed translucent doors, Nico3ck's ghost, weakling MiGl

##########
.........##############
.........#............#
.........#............#
.........#............#
........o#............######
........{go.g.........'...>#
.[......o#.gh.........####.#
.........############## #..#
.......... #..#
............. #..#
...............# ##..#
......$........# #...#
..............# #.#.#
#......#########.#.# #####
#..................#


You could see 3 gnolls and 2 orcs.


Message History

A quokka is nearby!
The quokka twitches its whiskers. 😕 HP[+1]
A quokka is nearby!
A quokka is nearby!
You punch the quokka!
You kill the quokka!
You now have 216 gold pieces (gained 14).
You reach down and open the door. 2 gnolls and 2 orcs come into view.
The gnoll shouts!
The orc shouts!
The orc moves out of view.
An orc wizard comes into view. It is wielding a +0 dagger.
A gnoll comes into view. It is wielding a +0 flail.
The orc wizard shouts!
The orc shouts!
The gnoll shouts!
You hear a shout!
An orc comes into view. It is wielding a +0 dagger.
An orc comes into view. It is wielding a +0 whip.
There is an open door here.
The orc shouts!
The gnoll shouts! 😎 HP[+5]
Your hp is fully restored (36).
There are monsters nearby!
The orc barely misses you. The gnoll hits you but does no damage.
You barely miss the orc.
There are monsters nearby!
You hit the orc wizard but do no damage.
The gnoll completely misses you. The gnoll barely misses you.
You hit the orc wizard. The gnoll barely misses you.
The gnoll hits you with a +0 flail.
The orc wizard casts a spell.
The orc wizard flickers and vanishes!
Deactivating autopickup; reactivate with Ctrl-A.
The orc misses you.
The gnoll hits you with a +0 flail. 😕 HP[-8]
You take 8 damage, and now have 28/36 hp.
MASSIVE DAMAGE!! (PAUSE)
The orc attacks as it pursues you! The orc hits you with a +0 hand axe.
The gnoll misses you. 😮 HP[-2]
You take 2 damage, and now have 26/36 hp.
The gnoll attacks as it pursues you! The gnoll hits you with a +0 flail!
* * * LOW HITPOINT WARNING * * *
The orc closely misses you. The gnoll attacks as it pursues you!
The gnoll hits you with a +0 flail!
* * * LOW HITPOINT WARNING * * *
There is an open door, spattered with blood here. 😱 HP[-21]
You take 21 damage, and now have 5/36 hp.
MASSIVE DAMAGE!! (PAUSE)
Okay, then.
Okay, then.
It was a potion of degeneration.
There was something very wrong with that liquid.
You feel weakened.
You feel dopey.
You feel clumsy.
The orc closely misses you. 😱 HP[+1] It was a potion of mutation.
You feel extremely strange.
Your skin functions as natural camouflage.
You feel a hidden malignance growing inside you.
A pair of horns grows on your head! The orc closely misses you.
It was a potion of attraction.
You feel attractive to monsters. The gnoll is attracted toward you.
Something is attracted toward you.
It was a potion of ambrosia.
You are confused.
You feel invigorated. The gnoll closely misses you.
The orc hits you with a +0 hand axe.
* * * LOW HITPOINT WARNING * * *
😱 HP[-1]
You take 1 damage, and now have 5/36 hp.
You are too confused!
You hit the gnoll. The gnoll completely misses you.
The orc barely misses you. 😨 HP[+6]
You regained 6 hp, and now have 11/36 hp.
Unknown command.
You bump into the rock wall.
The gnoll closely misses you. The orc hits you with a +0 hand axe.
* * * LOW HITPOINT WARNING * * *
😨 HP[-1]
You take 1 damage, and now have 10/36 hp.
Unknown command.
You feel less invigorated.
You feel less confused. The orc closely misses you. 😨 HP[+3]
You regained 3 hp, and now have 13/36 hp.
Unknown command.
You punch the orc! You headbutt the orc, but do no damage.
The orc completely misses you. 😨 HP[+1]
As you read the scroll of teleportation {@r4}, it crumbles to dust.
You feel strangely unstable. The orc hits you with a +0 hand axe.
* * * LOW HITPOINT WARNING * * *
The gnoll closely misses you. 😱 HP[-5]
You take 5 damage, and now have 9/36 hp.
The gnoll attacks as it pursues you! The gnoll hits you with a +0 flail!
You die...

Skill      XL: |  1  2  3  4 |
---------------+-------------+-----
Fighting       | 1 2 |  2.1
Unarmed Combat | 3 |  3.9
Dodging        | 2 |  2.6
Shapeshifting  | 3 |  3.2

Action                     |  1- 3 |  4- 6 || total
---------------------------+-------+-------++-------
  Melee: Unarmed           |   148 |    66 ||   214
         Punch             |     3 |     1 ||     4
         Headbutt          |       |     1 ||     1
    Use: Scroll            |       |     6 ||     6
         Potion            |       |     4 ||     4
   Stab: Sleeping          |     1 |     1 ||     2
 Armour: Animal skin       |    74 |    19 ||    93
  Dodge: Dodged            |   119 |    62 ||   181

Levels and vault maps discovered:
D:1:      lightli_arrival_farm, layout_loops_ring,
          chequers_serial_rivers_small_3, minmay_misc_feat_rugged,
          amcnicky_mini_pool_small
D:2:      layout_basic
D:3:      layout_basic, mainiacjoe_overflow_divided_tiny,
          ebering_ghost_disaster_area, wad_rectangle_vault
D:4:      layout_basic

Notes
Turn   | Place    | Note
-------+----------+-------------------------------------------
     0 | D:1      | kae the Demigod Shapeshifter began the quest for the Orb.
     0 | D:1      | Reached XP level 1. HP: 15/15 MP: 3/3
     0 | D:1      | magus.rc [v1.11.3]
    77 | D:1      | Reached skill level 1 in Fighting
   134 | D:1      | Reached skill level 3 in Unarmed Combat
   134 | D:1      | Reached XP level 2. HP: 9/23 MP: 4/4
   142 | D:1      | Reached skill level 2 in Dodging
   390 | D:1      | HP: 5/23 [hobgoblin (4)]
   395 | D:1      | HP: 3/23 [goblin/+0 dagger (3)]
   558 | D:1      | Reached XP level 3. HP: 25/28 MP: 5/5
   577 | D:1      | You fall into a shaft and drop 1 floor!
   632 | D:2      | Reached skill level 3 in Shapeshifting
  1319 | D:2      | You pick up a book of Displacement and begin reading...
  1319 | D:2      | You add the spells Lesser Beckoning, Gell's Gravitas and
                  | Teleport Other to your library.
  1716 | D:3      | HP: 6/29 [adder (3)]
  1718 | D:3      | Reached XP level 4. HP: 6/36 MP: 6/6
  2189 | D:3      | Reached skill level 2 in Fighting
  2272 | D:3      | Found a large runed translucent door.
  2272 | D:3      | Found a large runed translucent door.
  2273 | D:3      | Noticed Nico3ck's ghost (weakling MiGl)
  2699 | D:4      | HP: 5/36 [gnoll/+0 flail (12)]
  2702 | D:4      | Gained mutation: Your skin changes colour to match your
                  | surroundings (Stealth+). [potion of mutation]
  2702 | D:4      | Gained mutation: You have hidden genetic defects. [potion
                  | of mutation]
  2702 | D:4      | Gained mutation: You have a pair of small horns on your
                  | head. [potion of mutation]
  2704 | D:4      | HP: 5/36 [orc/+0 hand axe (4)]
  2709 | D:4      | HP: 9/36 [orc/+0 hand axe (5)]
  2710 | D:4      | Slain by a gnoll

Vanquished Creatures
  An iguana (D:4)
  A gnoll (D:1)
  4 adders
  2 worms
  2 dart slugs
  An orc (D:3)
  9 ball pythons
  4 endoplasms
  5 giant cockroaches
  7 goblins
  3 hobgoblins
  3 quokkas
  12 bats
  4 frilled lizards
  4 kobolds
  5 rats
67 creatures vanquished.

Table legend:
 A = Non-vault XP
 B = Vault XP
 C = Vault XP percentage of total XP
 D = Non-vault monster count
 E = Vault monster count
 F = Vault count percentage of total count
                 A         B        C        D         E       F
            +---------+---------+-------+---------+---------+-------
      Total |     189 |      24 |  11.3 |      61 |       6 |   9.0
            +---------+---------+-------+---------+---------+-------
        D:1 |      60 |       0 |   0.0 |      27 |       0 |   0.0
        D:2 |      34 |       0 |   0.0 |      14 |       0 |   0.0
        D:3 |      51 |      24 |  32.0 |      15 |       6 |  28.6
        D:4 |      44 |       0 |   0.0 |       5 |       0 |   0.0
            +---------+---------+-------+---------+---------+-------

Skill      XL: |  1  2  3  4 |
---------------+-------------+-----
Fighting       | 1 2 |  2.1
Unarmed Combat | 3 |  3.9
Dodging        | 2 |  2.6
Shapeshifting  | 3 |  3.2

Action                     |  1- 3 |  4- 6 || total
---------------------------+-------+-------++-------
  Melee: Unarmed           |   148 |    66 ||   214
         Punch             |     3 |     1 ||     4
         Headbutt          |       |     1 ||     1
    Use: Scroll            |       |     6 ||     6
         Potion            |       |     4 ||     4
   Stab: Sleeping          |     1 |     1 ||     2
 Armour: Animal skin       |    74 |    19 ||    93
  Dodge: Dodged            |   119 |    62 ||   181

Illustrated notes

Table legend:
 A = Kills in this place as a percentage of kills in the entire game.
 B = Kills by you in this place as a percentage of kills by you in the entire game.
 C = Kills by friends in this place as a percentage of kills by friends in the entire game.
 D = Other kills in this place as a percentage of other kills in the entire game.
 E = Experience gained in this place as a percentage of experience gained in the entire game.
 F = Experience gained in this place divided by the number of levels of this place that you have seen.
                   A       B       C       D       E      F
               +-------+-------+-------+-------+-------+----------------------
         Total | 100.0 | 100.0 |   N/A |   N/A | 100.0 |  53.2
       Dungeon | 100.0 | 100.0 |   N/A |   N/A | 100.0 |  53.2
               +-------+-------+-------+-------+-------+----------------------

Table legend: (Time is in decaauts)
 A = Elapsed time spent in this place.
 B = Non-inter-level travel time spent in this place.
 C = Inter-level travel time spent in this place.
 D = Time resting spent in this place.
 E = Time spent auto-exploring this place.
 F = Levels seen in this place.
 G = Mean time per level.
                   A        B        C        D        E       F      G
               +--------+--------+--------+--------+--------+-----+--------+
         Total |   2722 |   2637 |     85 |    170 |   2013 |   4 |  680.5 |
       Dungeon |   2722 |   2637 |     85 |    170 |   2013 |   4 |  680.5 |
               +--------+--------+--------+--------+--------+-----+--------+

Top non-repeatable levels by time:
     D:1: 1238 daAuts
     D:3: 864 daAuts
     D:2: 402 daAuts
     D:4: 217 daAuts
